 Dungeon Crawl Stone Soup version 0.26.1-11-gd32895ea62 (webtiles) character file.

Game seed: 10775627418710643629

3433 KamiKatze the Destroyer (level 9, 0/64 HPs)
             Began as a Red Draconian Conjurer on June 3, 2021.
             Slain by a two-headed ogre
             ... wielding a +0 giant spiked club
              (16 damage)
             ... on level 8 of the Dungeon.
             The game lasted 00:31:24 (7424 turns).

KamiKatze the Destroyer (Red Draconian Conjurer)    Turns: 7424, Time: 00:31:25

Health: 0/64       AC:  9    Str:  9    XL:     9   Next: 77%
Magic:  19/28      EV: 12    Int: 22    God:
Gold:   465        SH:  0    Dex: 10    Spells: 10/21 levels left

rFire    + . .     SeeInvis +   y - +5 spear "Hebleg" {vorpal, rPois MP+9}
rCold    . . .     Faith    .   (no shield)
rNeg     . . .     Spirit   .   (armour unavailable)
rPois    +         Reflect  .   (helmet restricted)
rElec    .         Harm     .   (no cloak)
rCorr    .         Rampage  .   i - +1 pair of gloves
Will     .....                  (no boots)
Stlth    ++........             (no amulet)
HPRegen  0.20/turn              (no ring)
MPRegen  0.21/turn              s - ring of see invisible

@: no status effects
A: breathe fire, unfitting armour, fire resistance 1, cold-blooded, AC +7
a: Breathe Fire


You were on level 8 of the Dungeon.
You visited 2 branches of the dungeon, and saw 9 of its levels.
You also visited: Sewer.

You collected 465 gold pieces.

Inventory:

Hand Weapons
 a - a +3 dagger
 y - the +5 spear "Hebleg" (weapon) {vorpal, rPois MP+9}
   (You found it on level 5 of the Dungeon)

   It inflicts extra damage upon your enemies.
   It protects you from poison.
   It affects your magic capacity (+9).
Missiles
 d - 243 stones
 n - a throwing net
 E - 18 poisoned darts (quivered)
Armour
 i - a +1 pair of gloves (worn)
 j - a +0 buckler
 z - a +0 buckler
Jewellery
 s - a ring of see invisible (right hand)
Wands
 D - a wand of iceblast (6)
 F - a wand of enslavement (7)
 H - a wand of flame (8)
Scrolls
 h - a scroll of fog
 l - a scroll of blinking
 o - 3 scrolls of teleportation
 p - 2 scrolls of amnesia {unknown}
 q - a scroll of fear {unknown}
 r - 2 scrolls of identify
 t - a scroll of magic mapping
 x - 4 scrolls of remove curse
 C - a scroll of immolation {unknown}
 G - 2 scrolls of noise {unknown}
Potions
 b - a potion of resistance
 c - a potion of cancellation
 e - 2 potions of flight {unknown}
 f - 2 potions of invisibility {unknown}
 g - 2 potions of attraction {unknown}
 k - 2 potions of mutation
 m - 3 potions of curing
 u - 2 potions of heal wounds {unknown}
 v - a potion of haste {unknown}
 w - a potion of magic {unknown}
 A - 3 potions of brilliance {unknown}
 B - a potion of berserk rage {unknown}
 I - a potion of lignification {unknown}


   Skills:
 + Level 1.2 Fighting
 + Level 2.3 Dodging
 + Level 2.5 Stealth
 * Level 2.1 Shields
 * Level 6.8 Spellcasting
 * Level 8.2 Conjurations
 * Level 5.7 Hexes
 * Level 5.8 Translocations


You had 10 spell levels left.
You knew the following spells:

 Your Spells              Type           Power        Failure   Level
a - Magic Dart            Conj           100%         1%          1
b - Searing Ray           Conj           86%          1%          2
c - Fulminant Prism       Conj/Hex       19%          4%          4
d - Iskenderun's Mystic   Conj/Tloc      38%          4%          4

Your spell library contained the following spells:

 Spells                   Type           Power        Failure   Level
 Dazzling Flash           Conj/Hex       76%          1%          3
 Confusing Touch          Hex            32%          2%          3
 Gell's Gravitas          Tloc           16%          2%          3
 Metabolic Englaciation   Hex/Ice        10%          56%         5
 Yara's Violent Unravell  Hex/Tmut       10%          56%         5
 Petrify                  Tmut/Erth      7%           63%         4


Dungeon Overview and Level Annotations

Branches:
Dungeon (8/15)             Temple (1/1) D:7           Sewer (visited)
   Lair: D:8-11

Altars:
Ashenzari
Cheibriados
Dithmenos
Elyvilon
Fedhas
Gozag
Kikubaaqudgha
Makhleb
Nemelex Xobeh
Okawaru
Qazlal
Ru
Sif Muna
Trog
Uskayaw
Wu Jian
Yredelemnul
Zin
The Shining One

Annotations:
D:3 2 runed translucent doors, Descartes's ghost, weakling FeTm


Innate Abilities, Weirdness & Mutations

You can breathe blasts of fire.
Your fiery red scales are hard. (AC +7)
You cannot fit into any form of body armour.
Your flesh is heat resistant. (rF+)
You are cold-blooded and may be slowed by cold attacks.


Message History

Confirm with . or Enter, or press ? or * to list all spells.
Aiming: Searing Ray (safe; 1% risk of failure)
Press: ? - help, Shift-Dir - straight line, f/p - two-headed ogre
Aim: a two-headed ogre, wielding a +0 giant spiked club and a +0 dire flail (heavily wounded, 9% to evade)
The searing ray hits the two-headed ogre!
The two-headed ogre is severely wounded.
The searing ray hits the orc warrior.
You kill the orc warrior! (Press . to maintain the ray.)
The two-headed ogre barely misses you. The two-headed ogre closely misses you.
The searing ray misses the two-headed ogre.
The two-headed ogre hits you with a +0 giant spiked club!
The two-headed ogre hits you with a +0 dire flail.
The searing ray hits the two-headed ogre!
The two-headed ogre is almost dead.
An orc comes into view.
The two-headed ogre hits you with a +0 giant spiked club!!
* * * LOW HITPOINT WARNING * * *
The two-headed ogre hits you with a +0 dire flail!
You die...

#.###......#
#.......##.# #
#.###.#.##.#######
#.....#.....)....#
#.########.#####.#
#............###.#
#.########........
#.# #.#.#.... #@#
#.#.#.#.# #O#
#.#.#.#.# #)#
#.#.#.#.# #.#
#.#.#.#.# #.#
#.#.#.#.. #.#
#.#.#.#.#
#...O.o..
..o......
..........


You could see a two-headed ogre and an orc (wandering).

Vanquished Creatures
  A wyvern (D:8)
  Eustachio (D:4)
  2 orc warriors
  3 ice beasts
  A sky beast (D:6)
  A black bear (D:8)
  A phantom (D:5)
  5 ogres
  4 centaurs
  A gnoll sergeant (D:6)
  2 bullfrogs
  3 scorpions
  4 wights (D:6)
  A howler monkey (D:7)
  A bullfrog zombie (D:6)
  3 hounds
  6 orc priests
  A bullfrog skeleton (D:7)
  3 orc wizards
  Jessica (D:3)
  3 iguanas
  Natasha (thrice) (D:3)
  A centaur skeleton (D:4)
  5 worker ants
  A howler monkey zombie (D:4)
  4 worker ant zombies
  11 adders
  7 gnolls
  3 shadow imps
  An ooze (D:1)
  5 worms
  2 dart slugs
  6 leopard geckos
  23 orcs
  5 ball pythons (Sewer)
  3 bats
  5 giant cockroaches
  20 jackals
  11 kobolds
  2 quokkas
  2 ball python zombies
  7 frilled lizards
  8 goblins
  2 jackal skeletons
  A jackal zombie (D:4)
  A leopard gecko skeleton (D:8)
  A quokka skeleton (D:4)
  A quokka zombie (D:4)
  14 rats
203 creatures vanquished.

Vanquished Creatures (others)
  A quokka (D:6)
  A fulminant prism (D:6)
  8 plants (D:3)
10 creatures vanquished.

Grand Total: 213 creatures vanquished

Notes
Turn   | Place    | Note
-------+----------+-------------------------------------------
     0 | D:1      | KamiKatze the Draconian Conjurer began the quest for the
                  | Orb.
     0 | D:1      | Reached XP level 1. HP: 14/14 MP: 3/3
   244 | D:1      | Reached XP level 2. HP: 20/20 MP: 1/5
   247 | D:1      | Learned a level 2 spell: Searing Ray
   858 | D:2      | Reached XP level 3. HP: 26/26 MP: 1/6
  1338 | D:2      | Reached XP level 4. HP: 33/33 MP: 2/8
  1788 | D:2      | Learned a level 4 spell: Fulminant Prism
  1795 | D:3      | Reached skill level 5 in Conjurations
  1967 | D:3      | Reached skill level 1 in Hexes
  1967 | D:3      | Reached XP level 5. HP: 38/38 MP: 2/10
  2030 | D:3      | Found a runed translucent door.
  2065 | D:3      | Noticed Natasha
  2070 | D:3      | Killed Natasha
  2107 | D:3      | Found a runed translucent door.
  2108 | D:3      | Noticed Descartes's ghost (weakling FeTm)
  2131 | D:3      | Noticed Natasha
  2137 | D:3      | Killed Natasha
  2161 | D:3      | Found a sacrificial altar of Ru.
  2352 | D:3      | Noticed Natasha
  2357 | D:3      | Killed Natasha
  2358 | D:3      | Reached XP level 6. HP: 45/45 MP: 5/11
  2392 | D:3      | Noticed Jessica
  2395 | D:3      | Killed Jessica
  2402 | D:3      | Learned a level 4 spell: Iskenderun's Mystic Blast
  2430 | D:3      | Found a bloodstained altar of Trog.
  2809 | D:4      | Found a sparkling altar of Nemelex Xobeh.
  2819 | D:4      | Reached skill level 1 in Translocations
  2835 | D:4      | Noticed Eustachio
  3123 | D:4      | Found a glowing drain.
  3135 | Sewer    | Entered a sewer
  3593 | D:4      | Your scales start taking on a fiery red colour.
  3593 | D:4      | Reached XP level 7. HP: 50/50 MP: 7/13
  3593 | D:4      | Gained mutation: Your flesh is heat resistant. (rF+) [Red
                  | Draconian growth]
  3601 | D:4      | Reached skill level 6 in Conjurations
  3939 | D:4      | Killed Eustachio
  4174 | D:4      | Found a glowing silver altar of Zin.
  4234 | D:5      | Entered Level 5 of the Dungeon
  4248 | D:5      | Got a translucent spear
  4249 | D:5      | Identified the +5 spear "Hebleg" {vorpal, rPois MP+9} (You
                  | found it on level 5 of the Dungeon)
  4309 | D:5      | Reached skill level 5 in Spellcasting
  4370 | D:5      | Reached XP level 8. HP: 34/57 MP: 15/15
  4711 | D:5      | Reached skill level 7 in Conjurations
  5489 | D:6      | Reached XP level 9. HP: 62/62 MP: 18/18
  5606 | D:6      | Reached skill level 5 in Hexes
  5757 | D:6      | Reached skill level 5 in Translocations
  6184 | D:6      | Found a white marble altar of Elyvilon.
  6355 | D:7      | Found a shadowy altar of Dithmenos.
  6438 | D:7      | Found a shadowy altar of Dithmenos.
  6493 | D:7      | Found a staircase to the Ecumenical Temple.
  6500 | Temple   | Entered the Ecumenical Temple
  6822 | D:7      | Reached skill level 8 in Conjurations
  7188 | D:8      | Reached skill level 1 in Shields
  7257 | D:8      | Found a blossoming altar of Fedhas.
  7269 | D:8      | Reached skill level 1 in Fighting
  7411 | D:8      | Noticed a two-headed ogre
  7424 | D:8      | Slain by a two-headed ogre

Illustrated notes

Levels and vault maps discovered:
D:1:      lemuel_arrival_muddy, layout_loops_ring
D:2:      layout_loops_ring, minmay_misc_feat_tiny
D:3:      layout_rooms, lemuel_round_altar, nicolae_ru_the_path_less_chosen,
          ebering_ghost_sewer_f, lexackson_kobold_supper, uniq_jessica,
          uniq_natasha
D:4:      layout_basic, zin_treasury, nemelex_xobeh_ov_fountains_minmay,
          portal_sewer_entry_f, serial_undead, serial_undead_b, serial_undead_b,
          serial_undead_a, serial_undead_c, serial_undead_a, serial_undead_b,
          uniq_eustachio
D:5:      layout_rooms, kennysheep_small_square
D:6:      layout_basic, elyvilon_altar_4
D:7:      layout_gridville, grunt_dithmenos_smoke_and_mirrors,
          minmay_temple_entry_tees, corexii_leaking_fountain,
          minmay_misc_feat_doors, minivault_24, lemuel_tele_altar
D:8:      layout_basic, serial_park_tiny_2, fedhas_bush_and_centaur_altar
Temple:   nicolae_temple_figure_eight

Skill      XL: |  1  2  3  4  5  6  7  8  9 |
---------------+----------------------------+-----
Stealth        | 2 |  2.5
Dodging        | 2 |  2.3
Spellcasting   | 3 4 5 6 |  6.8
Conjurations   | 5 6 7 8 |  8.2
Hexes          | 1 2 3 4 5 |  5.7
Translocations | 1 3 4 5 |  5.8
Shields        | 2 |  2.1
Fighting       | 1 |  1.2

Action                   |  1- 3 |  4- 6 |  7- 9 || total
-------------------------+-------+-------+-------++-------
Melee: Unarmed           |     9 |       |       ||     9
       Whip              |    29 |     8 |       ||    37
       Dagger            |     7 |    36 |    14 ||    57
       Tailslap          |     1 |     7 |     2 ||    10
       Spear             |       |       |    35 ||    35
 Cast: Magic Dart        |    48 |    32 |    19 ||    99
       Searing Ray       |     3 |    29 |    70 ||   102
       Fulminant Prism   |       |       |     1 ||     1
  Use: Scroll            |     4 |     6 |     1 ||    11
 Stab: Sleeping          |     2 |       |       ||     2
Armor: Skin              |    15 |    26 |    29 ||    70
Dodge: Dodged            |    32 |    55 |    81 ||   168
